 Dungeon Crawl Stone Soup version 0.28-a0-1629-gf728b707aa (webtiles) character file.

Game seed: 10391507277299386865

73 Ajdolov the Poker (level 4, -2/43 (44) HPs)
             Began as a Naga Monk on Jan 24, 2022.
             Slain by Crazy Yiuf (7 damage)
             ... on level 2 of the Dungeon.
             The game lasted 00:03:34 (1591 turns).

Ajdolov the Poker (Naga Monk)                       Turns: 1591, Time: 00:03:35

HP:   -2/43 (44)    AC:  3    Str: 13    XL:     4   Next: 27%
MP:   4/4           EV:  9    Int: 13    God:
Gold: 61            SH:  0    Dex: 13    Spells: 3/3 levels left

rFire   . . .      SeeInvis +   a - +0 spear
rCold   . . .      Faith    .   (no shield)
rNeg    . . .      Spirit   .   d - +0 ring mail
rPois   +          Reflect  .   (no helmet)
rElec   .          Harm     .   (no cloak)
rCorr   .          Rampage  .   (no gloves)
Will    .....                   (no barding)
Stlth   ++........              h - amulet of regeneration
HPRegen 0.94/turn               (no ring)
MPRegen 0.09/turn               (no ring)

@: short of breath, lightly drained, very slow
A: AC +1, large, see invisible, deformed body, poison resistance, slowness 2,
spit poison 1, naga tail 1
a: Spit Poison


You were on level 2 of the Dungeon.
You visited 1 branch of the dungeon, and saw 2 of its levels.

You collected 81 gold pieces.
You spent 20 gold pieces at shops.

Inventory:

Hand Weapons
 a - a +0 spear (weapon)
 g - a +2 dagger of venom
Armour
 d - a +0 ring mail (worn)
Jewellery
 h - an amulet of regeneration (around neck)
Scrolls
 b - 2 scrolls of identify {unknown}
 c - a scroll of magic mapping {unknown}
 f - 3 scrolls of fog
 i - a scroll of teleportation {unknown}
 j - a scroll of enchant weapon {unknown}
Potions
 e - a potion of heal wounds {unknown}


   Skills:
 + Level 3.7 Fighting
 * Level 4.4 Polearms
 - Level 2.4 Dodging
 - Level 3.0 Stealth


You had 3 spell levels left.
You didn't know any spells.
Your spell library contained the following spells:

 Spells                   Type           Power      Damage    Failure   Level
 Slow                     Hex            0%         N/A       56%         1
 Confusing Touch          Hex            0%         N/A       90%         3
 Vampiric Draining        Necr           0%         2d6       90%         3


Dungeon Overview and Level Annotations

Branches:
Dungeon (2/15)

Altars:

Shops:
D:1 !*?!

Annotations:
D:2 Crazy Yiuf


Innate Abilities, Weirdness & Mutations

Your serpentine skin is tough. (AC +1)
You have supernaturally acute eyesight. (SInv)
Armour fits poorly on your strangely shaped body.
Your system is resistant to poisons. (rPois)
You cover ground very slowly.
You can spit poison.
You have a snake-like lower body.


Message History

A hobgoblin comes into view.
You hit the hobgoblin but do no damage. The hobgoblin closely misses you.
You hit the hobgoblin but do no damage. The hobgoblin barely misses you.
You barely miss the hobgoblin. The hobgoblin barely misses you.
You hit the hobgoblin.
The hobgoblin is severely wounded.
You closely miss the hobgoblin.
The hobgoblin is severely wounded.
The hobgoblin hits you but does no damage.
You hit the hobgoblin.
You kill the hobgoblin!
No target in view!
You see here a hobgoblin corpse.
Found 17 arrows.
Items here: )))) [.
There is a stone staircase leading up here.
There is an escape hatch in the ceiling here.
Crazy Yiuf shouts!
You open the door.
Aiming: Spit Poison (1% risk of failure)
Press: ? - help, Shift-Dir - straight line, f - Crazy Yiuf
Aim: Crazy Yiuf, wielding a +3 quarterstaff of chaos and wearing a +2 cloak (65% to hit)
The splash of poison hits Crazy Yiuf!
Crazy Yiuf is heavily wounded.
Crazy Yiuf closely misses you.
You hit Crazy Yiuf but do no damage.
Crazy Yiuf is heavily wounded.
Crazy Yiuf drinks a potion.
Crazy Yiuf seems to speed up.
You barely miss Crazy Yiuf.
Crazy Yiuf is heavily wounded.
Crazy Yiuf hits you with a +3 quarterstaff of chaos.
You are electrocuted!!
You barely miss Crazy Yiuf.
Crazy Yiuf is heavily wounded.
Crazy Yiuf hits you with a +3 quarterstaff of chaos!
* * * LOW HITPOINT WARNING * * *
You feel drained.
* * * LOW HITPOINT WARNING * * *
Crazy Yiuf hits you with a +3 quarterstaff of chaos!
You die...

#...............<...######.#
#........#####.####.# #...
#........# #.# #.# #...
###..####### ### #.# #...
#....# #.# #... #.#### #.#
#..† #.#####♣♣ ### #.# #...
#....+.P♣♣ ♣♣#..)# #.# #...
#.#......♣♣♣♣@g...# #.# #...
###.#.....P.♣..♣#...# #.#
#### ##8#.#..+...♣.♣♣♣ ###
#.# .....#####♣♣♣♣♣ #.#
.....# #.# .....# ###.#
##8### #...##### ####
##......# ⌠# #.>...>#


You could see Crazy Yiuf (fast).

Vanquished Creatures
  An orc wizard (D:2)
  An adder (D:2)
  2 dart slugs (D:2)
  4 orcs (D:2)
  3 bats
  5 endoplasms
  3 goblins (D:1)
  3 hobgoblins
  A quokka (D:2)
  A frilled lizard (D:1)
  4 kobolds
  3 rats (D:1)
31 creatures vanquished.

Notes
Turn   | Place    | Note
-------+----------+-------------------------------------------
     0 | D:1      | Ajdolov the Naga Monk began the quest for the Orb.
     0 | D:1      | Reached XP level 1. HP: 21/21 MP: 1/1
    63 | D:1      | Found Ceuttae's Assorted Antiques.
   108 | D:1      | Reached XP level 2. HP: 8/28 MP: 2/2
   381 | D:1      | Found Busiama's Magic Scroll Boutique.
   390 | D:1      | Bought a scroll of fog for 20 gold pieces
   396 | D:1      | Found Xoiton's Distillery.
   450 | D:1      | Found Geinits's Distillery.
  1113 | D:2      | Reached XP level 3. HP: 34/34 MP: 3/3
  1122 | D:2      | Reached skill level 4 in Polearms
  1197 | D:2      | Reached XP level 4. HP: 41/44 MP: 4/4
  1396 | D:2      | Found a runed translucent door.
  1397 | D:2      | Noticed Crazy Yiuf
  1591 | D:2      | Slain by Crazy Yiuf

Illustrated notes

Levels and vault maps discovered:
D:1:      lemuel_arrival_broad_hall, layout_rooms, serial_shops, shop_fountains,
          nicolae_shop_trees, shop_statue,
          nicolae_shop_competitors_out_of_business
D:2:      layout_basic, serial_corexii_hall, corexii_hall_statues_s,
          corexii_hall_statues_deadend, uniq_crazy_yiuf_cottage

Skill      XL: |  1  2  3 |
---------------+----------+-----
Polearms       | 4 |  4.4
Fighting       | |  3.7
Dodging        | |  2.4
Stealth        | |  3.0

Action                   |  1- 3 |  4- 6 || total
-------------------------+-------+-------++-------
Melee: Spear             |   102 |    26 ||   128
 Abil: Spit Poison       |     6 |     1 ||     7
 Stab: Distracted        |     1 |       ||     1
       Sleeping          |     2 |     1 ||     3
Armor: Ring mail         |    17 |     4 ||    21
Dodge: Dodged            |    44 |     8 ||    52

Table legend: (Time is in decaauts)
 A = Elapsed time spent in this place.
 B = Non-inter-level travel time spent in this place.
 C = Inter-level travel time spent in this place.
 D = Time resting spent in this place.
 E = Time spent auto-exploring this place.
 F = Levels seen in this place.
 G = Mean time per level.
                   A        B        C        D        E       F      G
               +--------+--------+--------+--------+--------+-----+--------+
         Total |   1933 |   1926 |      7 |     17 |   1591 |   2 |  966.5 |
       Dungeon |   1933 |   1926 |      7 |     17 |   1591 |   2 |  966.5 |
               +--------+--------+--------+--------+--------+-----+--------+

Top non-repeatable levels by time:
     D:1: 1159 daAuts
     D:2: 774 daAuts
